 Dungeon Crawl Stone Soup version 0.30-a0-726-gd89dcf765f (webtiles) character file.

Game seed: 8711391381973738871

2298 bande the Chopper (level 9, -4/55 HPs)
             Began as a Gargoyle Fighter on Jan 30, 2023.
             Was a Believer of Okawaru.
             Slain by a wight
             ... wielding a +4 halberd
              (7 damage)
             ... on level 7 of the Dungeon.
             The game lasted 00:08:10 (5760 turns).

bande the Chopper (Gargoyle Fighter)                Turns: 5760, Time: 00:08:10

Health: -4/55      AC: 19    Str: 21    XL:     9   Next: 40%
Magic:  11/11      EV:  9    Int:  8    God:    Okawaru [**....]
Gold:   296        SH:  5    Dex: 13    Spells: 8/8 levels left

rFire   . . .      SeeInvis .    a - +1 war axe (vamp)
rCold   + . .      Faith    +    c - +0 buckler
rNeg    + . .      Spirit   .    b - +0 scale mail
rPois   ∞          Reflect  .    r - +2 helmet
rElec   +          Harm     .    (no cloak)
rCorr   .          Rampage  .    q - +1 pair of gloves
Will    +....                    (no boots) Stlth
                                 f - amulet "Muredghi" {Faith rElec}
HPRegen 0.29/turn                e - ring of protection from cold
MPRegen 0.12/turn                u - ring of willpower

@: no status effects
A: sickness immunity, AC +6, negative energy resistance 1, electricity
resistance, torment resistance 1, petrification resistance
a: Renounce Religion, Heroism


You were on level 7 of the Dungeon.
You worshipped Okawaru.
Okawaru was pleased with you.
You visited 1 branch of the dungeon, and saw 7 of its levels.

You collected 296 gold pieces.

Inventory:

Hand Weapons
 a - a +1 vampiric war axe (weapon)
 t - a +0 flail
Armour
 b - a +0 scale mail (worn)
 c - a +0 buckler (worn)
 q - a +1 pair of gloves (worn)
 r - a +2 helmet (worn)
Jewellery
 e - a ring of protection from cold (left hand)
 f - the amulet "Muredghi" (around neck) {Faith rElec}
   (You found it on level 3 of the Dungeon)

   [amulet of faith]

   It allows you to gain divine favour quickly.
   rElec:     It insulates you from electricity.
 n - an amulet of faith
 u - a ring of willpower (right hand)
Wands
 h - a wand of flame (6)
 p - a wand of light (10)
Scrolls
 g - 3 scrolls of teleportation
 v - a scroll of poison
 w - a scroll of enchant weapon
Potions
 d - a potion of might
 i - a potion of curing
 j - a potion of haste {unknown}
 k - 2 potions of resistance
 l - a potion of ambrosia {unknown}
 m - a potion of brilliance {unknown}
 o - a potion of mutation {unknown}
 s - 2 potions of degeneration {unknown}


   Skills:
 + Level 6.1 Fighting
 + Level 7.6 Axes
 + Level 6.4 Armour
 + Level 5.2 Shields
 * Level 3.4 Invocations
 * Level 2.7 Evocations


You had 8 spell levels left.
You didn't know any spells.
Your spell library contained the following spells:

 Spells                   Type           Power      Damage    Failure   Level
 Apportation              Tloc           0%         N/A       80%         1
 Scorch                   Fire           0%         2d5       91%         2
 Flame Wave               Conj/Fire      0%         2d4       100%        4
 Alistair's Intoxication  Tmut/Pois      0%         N/A       100%        5
 Summon Cactus Giant      Summ           Unusable   N/A       N/A         6

Dungeon Overview and Level Annotations

Branches:
Dungeon (7/15)             Temple (0/1) D:6

Altars:
Cheibriados
Dithmenos
Fedhas
Kikubaaqudgha
Okawaru
Qazlal
Uskayaw
Xom
Yredelemnul
Zin


Innate Abilities, Weirdness & Mutations

You are immune to sickness and miasma.
Your stone body is resilient. (AC +6)
You are immune to poison.
You resist negative energy. (rN+)
You are resistant to electric shocks. (rElec)
You are resistant to unholy torment.
You are immune to petrification.


Message History

You slash the killer bee!
You feel better.
You kill the killer bee!
Okawaru accepts your kill. You block the wight's attack.
You closely miss the wight. You block the wight's attack.
The wight hits you from afar with a +4 halberd!
You barely miss the wight.
The wight hits you with a +4 great sword!
* * * LOW HITPOINT WARNING * * *
You block the wight's attack.
You hit the wight.
The wight is lightly damaged.
The wight closely misses you.
The wight hits you from afar with a +4 halberd.
* * * LOW HITPOINT WARNING * * *
You slash the wight!
The wight is severely damaged.
The wight closely misses you. The wight hits you but does no damage.
You hit the wight but do no damage.
The wight is severely damaged.
The wight hits you with a +4 great sword.
* * * LOW HITPOINT WARNING * * *
The wight completely misses you. You block the wight's attack.
The wight hits you with a +4 great sword!
* * * LOW HITPOINT WARNING * * *
You slash the wight!
You destroy the wight!
Okawaru accepts your kill. The wight hits you but does no damage.
You slash the wight!
The wight is almost destroyed.
The wight barely misses you. x2
You hit the wight but do no damage.
The wight is almost destroyed.
You block the wight's attack. The wight hits you but does no damage.
You slash the wight!
You destroy the wight!
Okawaru accepts your kill.
The wight hits you from afar with a +4 halberd!
You die...

... #..# #.#
#..# #.# #..#
#.# ##.. #.#
#... #<# #..#
#.#
.#####.z#####.#
.......z)@....#
..#.##.z###.###
#..z##.#
#.....#.#
#........#
#.........#
...........#
.............
..............


You could see 3 wights.

Vanquished Creatures
  An unseen horror (D:6)
  A water moccasin (D:3)
  2 ice beasts (D:6)
  A sky beast (D:6)
  2 centaurs
  An ogre (D:6)
  2 phantoms (D:6)
  2 bullfrogs (D:6)
  A scorpion (D:6)
  3 necrophages
  2 wights (D:7)
  3 killer bees (D:7)
  2 howler monkeys
  2 hounds
  An orc priest (D:6)
  A gnoll bouda (D:6)
  4 iguanas
  Ijyb (D:4)
  2 orc wizards (D:5)
  Robin (D:3)
  16 gnolls
  9 adders
  A worm (D:2)
  3 dart slugs
  8 orcs (D:5)
  7 endoplasms
  A giant cockroach (D:3)
  10 hobgoblins
  5 jackals
  10 kobolds
  2 quokkas
  5 ball pythons
  2 bats (D:1)
  4 frilled lizards
  16 goblins
  7 rats
141 creatures vanquished.

Notes
Turn   | Place    | Note
-------+----------+-------------------------------------------
     0 | D:1      | bande the Gargoyle Fighter began the quest for the Orb.
     0 | D:1      | Reached XP level 1. HP: 14/14 MP: 1/1
    70 | D:1      | Reached XP level 2. HP: 19/19 MP: 2/2
   122 | D:1      | Reached skill level 2 in Axes
   185 | D:1      | Reached XP level 3. HP: 18/23 MP: 3/3
   620 | D:2      | Reached XP level 4. HP: 29/29 MP: 4/4
   670 | D:2      | Reached skill level 3 in Axes
   797 | D:2      | Found a faded altar of an unknown god.
  1052 | D:3      | You fall into a shaft and drop 1 floor!
  1109 | D:4      | HP: 1/29 [gnoll/+0 club (5)]
  1110 | D:4      | Reached XP level 5. HP: 1/33 MP: 5/5
  1623 | D:3      | Noticed Robin
  2044 | D:3      | Killed Robin
  2130 | D:3      | Identified the amulet "Muredghi" {Faith rElec}
  2141 | D:3      | Noticed a water moccasin
  2158 | D:3      | Killed a water moccasin
  2159 | D:3      | Reached skill level 4 in Axes
  2159 | D:3      | Reached XP level 6. HP: 23/39 MP: 6/6
  2211 | D:3      | Found a blossoming altar of Fedhas.
  3067 | D:4      | Reached XP level 7. HP: 43/44 MP: 7/7
  3121 | D:4      | Reached skill level 5 in Axes
  3129 | D:4      | Noticed Ijyb
  3150 | D:4      | Killed Ijyb
  3186 | D:4      | Found a basalt altar of Yredelemnul.
  3651 | D:5      | Entered Level 5 of the Dungeon
  3702 | D:5      | Reached skill level 5 in Fighting
  3702 | D:5      | Reached skill level 5 in Armour
  3961 | D:5      | Found a stormy altar of Qazlal.
  4012 | D:5      | Reached XP level 8. HP: 33/49 MP: 8/8
  4182 | D:5      | Noticed an angel
  4183 | D:5      | Found a glowing silver altar of Zin.
  4183 | D:5      | Found a shimmering altar of Xom.
  4221 | D:5      | Reached skill level 6 in Axes
  4550 | D:6      | Found an iron altar of Okawaru.
  4553 | D:6      | Found a hide-covered altar of Uskayaw.
  4557 | D:6      | Became a worshipper of Warmaster Okawaru
  4666 | D:6      | Found a snail-covered altar of Cheibriados.
  4671 | D:6      | Reached skill level 1 in Invocations
  4784 | D:6      | Reached skill level 1 in Evocations
  4870 | D:6      | Found an ancient bone altar of Kikubaaqudgha.
  4886 | D:6      | Reached * piety under Okawaru
  5046 | D:6      | Killed an unseen horror
  5047 | D:6      | Reached skill level 7 in Axes
  5047 | D:6      | Reached skill level 5 in Shields
  5047 | D:6      | Reached XP level 9. HP: 31/55 MP: 9/11
  5249 | D:6      | Found a shadowy altar of Dithmenos.
  5387 | D:6      | Reached ** piety under Okawaru
  5510 | D:6      | Found a staircase to the Ecumenical Temple.
  5756 | D:7      | HP: 2/55 [wight/+4 great sword (10)]
  5760 | D:7      | Slain by a wight

Illustrated notes

Levels and vault maps discovered:
D:1:      eino_arrival_tree_alley, layout_rooms, minmay_pentomino_p2
D:2:      layout_basic, ebering_ecumenical_altar_petrified
D:3:      layout_rooms, fedhas_altar_1, uniq_robin
D:4:      layout_rooms, mainiacjoe_overflow_paths, grunt_decor_clamped,
          minmay_bent, uniq_ijyb
D:5:      cheibrodos_quashed, layout_loops_ring,
          grunt_temple_overflow_order_and_chaos_1, mainiacjoe_overflow_alcove_1,
          kennysheep_generic_room_4
D:6:      layout_basic, old_standard_altar, nicolae_kikubaaqudgha_miasma_corner,
          mainiacjoe_overflow_24_doors, grunt_temple_overflow_open,
          minmay_temple_entry_proselytizer, minivault_25
D:7:      layout_loops_ring, lemuel_round_altar, gammafunk_temple_overflow_arena

Skill      XL: |  1  2  3  4  5  6  7  8  9 |
---------------+----------------------------+-----
Axes           | 2 3 4 5 7 |  7.6
Fighting       | 4 5 6 |  6.1
Armour         | 4 5 6 |  6.4
Shields        | 4 5 |  5.2
Invocations    | 2 3 |  3.4
Evocations     | 2 |  2.7

Action                     |  1- 3 |  4- 6 |  7- 9 || total
---------------------------+-------+-------+-------++-------
  Melee: War axe           |    59 |   191 |   317 ||   567
    Use: Potion            |       |     2 |       ||     2
         Scroll            |       |     7 |     7 ||    14
 Armour: Scale mail        |    26 |   142 |   242 ||   410
  Dodge: Dodged            |    47 |   139 |   123 ||   309
  Block: Buckler           |     6 |    76 |    79 ||   161

Table legend: (Time is in decaauts)
 A = Elapsed time spent in this place.
 B = Non-inter-level travel time spent in this place.
 C = Inter-level travel time spent in this place.
 D = Time resting spent in this place.
 E = Time spent auto-exploring this place.
 F = Levels seen in this place.
 G = Mean time per level.
                   A        B        C        D        E       F      G
               +--------+--------+--------+--------+--------+-----+--------+
         Total |   5932 |   5726 |    206 |   1272 |   3112 |   7 |  847.4 |
       Dungeon |   5932 |   5726 |    206 |   1272 |   3112 |   7 |  847.4 |
               +--------+--------+--------+--------+--------+-----+--------+

Top non-repeatable levels by time:
     D:6: 1215 daAuts
     D:4: 1212 daAuts
     D:3: 1102 daAuts
     D:5: 894 daAuts
     D:2: 892 daAuts
     D:1: 561 daAuts
     D:7: 53 daAuts
